 Dungeon Crawl Stone Soup version 0.24.0-10-g970556be89 (webtiles) character file.

Game seed: 15675895348084696599, levelgen mode: classic

3362 EnegeticOcto the Fighter (level 9, -3/82 HPs)
             Began as a Mummy Chaos Knight on Nov 3, 2019.
             Was a Plaything of Xom.
             Slain by a purple ugly thing (11 damage)
             ... on level 7 of the Dungeon.
             The game lasted 00:09:16 (6568 turns).

EnegeticOcto the Fighter (Mummy Chaos Knight)       Turns: 6568, Time: 00:09:17

Health: -3/82      AC: 14    Str: 15    XL:     9   Next: 73%
Magic:  9/9        EV:  4    Int: 14    God:    Xom [.*....]
Gold:   315        SH:  0    Dex: 12    Spells: 8/8 levels left

rFire    x . .     SeeInvis .   u - +1 dire flail
rCold    + . .     Gourm    .   (shield currently unavailable)
rNeg     + + +     Faith    .   k - +0 plate armour
rPois    ∞         Spirit   .   o - +0 helmet
rElec    .         Reflect  .   (no cloak)
rCorr    .         Harm     .   (no gloves)
MR       +++..                  i - +1 pair of boots
Stlth    ..........             e - amulet of regeneration
HPRegen  0.63/turn              r - ring of protection from magic
MPRegen  0.11/turn              t - ring of protection from magic

@: no status effects
A: no food or potions, fire vulnerability, cold resistance 1, negative energy
resistance 3, torment resistance, unbreathing
a: Renounce Religion


You were on level 7 of the Dungeon.
You worshipped Xom.
You were a plaything of Xom.
You were not hungry.

You visited 1 branch of the dungeon, and saw 7 of its levels.

You collected 315 gold pieces.

Inventory:

Hand Weapons
 a - a +0 short sword of chaos
 p - a +0 trident
 u - a +1 dire flail (weapon)
Armour
 b - a +2 leather armour
 i - a +1 pair of boots (worn)
 k - a +0 plate armour (worn)
 o - a +0 helmet (worn)
Jewellery
 e - an amulet of regeneration (around neck)
 n - a cursed amulet of inaccuracy {unknown}
 r - a ring of protection from magic (left hand)
 t - a ring of protection from magic (right hand)
Scrolls
 c - 2 scrolls of amnesia
 h - a scroll of enchant armour
 j - 8 scrolls of remove curse {@r2}
 q - 3 scrolls of magic mapping {@r5 !r}
 v - 2 scrolls of identify {@r1}


   Skills:
 + Level 12.0 Fighting
 - Level 2.4 Short Blades
 + Level 5.1 Maces & Flails
 - Level 3.0 Armour
 - Level 0.7 Dodging


You had 8 spell levels left.
You didn't know any spells.
Your spell library contained the following spells:

 Spells                   Type           Power        Failure   Level  Hunger
 Flame Tongue             Conj/Fire      #....        100%        1    N/A
 Throw Flame              Conj/Fire      #.....       100%        2    N/A
 Conjure Flame            Conj/Fire      #.......     100%        3    N/A
 Inner Flame              Hex/Fire       #.......     100%        3    N/A
 Sticky Flame             Conj/Fire      #.......     100%        4    N/A
 Fireball                 Conj/Fire      #.........   100%        5    N/A

Dungeon Overview and Level Annotations

Branches:
Dungeon (7/15)             Temple (0/1) D:5

Altars:
Ashenzari
Gozag
Okawaru
Wu Jian
Xom

Annotations:
D:5 2 runed translucent doors, EmberCloud's ghost, novice MiGl
D:7 Pikel


Innate Abilities, Weirdness & Mutations

You do not eat or drink.
Your flesh is vulnerable to fire.
You are immune to poison.
Your flesh is cold resistant. (rC+)
You are immune to negative energy. (rN+++)
You are immune to unholy pain and torment.
You can survive without breathing.


Message History

You puncture the cyan ugly thing!
The cyan ugly thing is severely wounded.
The cyan ugly thing struggles against the net. x2
Your plate armour prevents you from hitting the cyan ugly thing.
The cyan ugly thing is severely wounded.
The cyan ugly thing struggles against the net.
You catch the helpless cyan ugly thing completely off-guard!
You sock the cyan ugly thing!
The cyan ugly thing is severely wounded.
The cyan ugly thing struggles against the net.
The net rips apart, and the cyan ugly thing comes free!
You hit the cyan ugly thing but do no damage.
The cyan ugly thing is severely wounded.
The cyan ugly thing pecks you. The cyan ugly thing shocks you!
The phantom blinks!
You sock the cyan ugly thing!
The cyan ugly thing is almost dead.
The cyan ugly thing pecks you. The cyan ugly thing shocks you!
You sock the cyan ugly thing!
You kill the cyan ugly thing!
Your Fighting skill increases to level 12!
Your Maces & Flails skill increases to level 5!
The phantom hits you but does no damage.
The howler monkey hoots and howls with incredible vigour!
You hear a shout!
Really read
d - a scroll of fear {!r}?
As you read the scroll of fear {!r}, it crumbles to dust.
You assume a fearsome visage.
The purple ugly thing looks frightened!
The howler monkey looks frightened!
The phantom is unaffected.
The orc looks frightened!
The phantom hits you.
The phantom blinks!
You puncture the phantom!
The phantom is moderately damaged.
The phantom hits you!
Your plate armour prevents you from hitting the phantom.
The phantom is moderately damaged.
The phantom barely misses you.
You closely miss the phantom.
The phantom is moderately damaged.
The phantom hits you.
You hit the phantom.
The phantom is moderately damaged.
The purple ugly thing seems to regain its courage.
The phantom hits you.
You hit the phantom.
The phantom is heavily damaged.
The phantom hits you but does no damage.
You hit the phantom.
The phantom is heavily damaged.
The phantom hits you but does no damage.
You puncture the phantom!
The phantom is almost destroyed.
The phantom hits you.
The phantom blinks!
As you read the scroll of enchant armour, it crumbles to dust.
Your +0 pair of boots glows green for a moment.
The howler monkey seems to regain its courage.
The phantom blinks!
Your plate armour prevents you from hitting the purple ugly thing.
The purple ugly thing tail-slaps you. x2
* * * LOW HITPOINT WARNING * * *
You closely miss the purple ugly thing.
The purple ugly thing tail-slaps you but does no damage.
You closely miss the purple ugly thing.
The howler monkey hoots and howls with incredible vigour!
The purple ugly thing barely misses you.
You puncture the purple ugly thing!
The purple ugly thing is lightly wounded.
The purple ugly thing tail-slaps you.
* * * LOW HITPOINT WARNING * * *
You hit the purple ugly thing.
The purple ugly thing is lightly wounded.
The purple ugly thing tail-slaps you but does no damage.
You hit the purple ugly thing.
The purple ugly thing is lightly wounded.
The howler monkey hoots and howls with incredible vigour!
The purple ugly thing completely misses you.
You puncture the purple ugly thing!
The purple ugly thing is moderately wounded.
The phantom blinks!
The purple ugly thing tail-slaps you!
* * * LOW HITPOINT WARNING * * *
You hit the purple ugly thing.
The purple ugly thing is moderately wounded.
The purple ugly thing barely misses you.
Your plate armour prevents you from hitting the purple ugly thing.
The purple ugly thing is moderately wounded.
The purple ugly thing tail-slaps you.
* * * LOW HITPOINT WARNING * * *
You barely miss the purple ugly thing.
The purple ugly thing is moderately wounded.
The purple ugly thing tail-slaps you but does no damage.
You impale the purple ugly thing!!
The purple ugly thing is severely wounded.
The purple ugly thing tail-slaps you but does no damage.
You closely miss the purple ugly thing.
The purple ugly thing is severely wounded.
The purple ugly thing tail-slaps you but does no damage.
Your plate armour prevents you from hitting the purple ugly thing.
The purple ugly thing is severely wounded.
The purple ugly thing tail-slaps you!
You die...
Xom roars with laughter!

.....##.. ..#
.....##.. ...
.....##.# #.#
........# #.#
#c##.##.# #.# ...
.##.# #.##
#....##.####..#
#.............#####
..#####'#####.hu@.###
## #.....
#####.W.###### #.....
###......#####
#...#.#u ##..##.#...#
###h.##.##
##......#.# Y))....#.
.# #..#.#...#
###..##.# .##
##.#.##.## # ...# ..#
#...##.#### #.... #.#
#..###....#


You could see a purple ugly thing, a phantom and a howler monkey.

Vanquished Creatures
  An ugly thing (D:7)
  A rime drake (D:7)
  Eustachio (D:6)
  2 ice beasts (D:7)
  A necrophage (D:6)
  2 orc warriors (D:6)
  An ogre (D:7)
  2 centaurs
  2 slaves (D:7)
  6 bullfrogs
  2 scorpions
  A quasit (D:6)
  A bullfrog zombie (D:7)
  A centaur zombie (D:7)
  2 hounds (D:7)
  A bullfrog skeleton (D:7)
  An orc priest (D:6)
  2 iguanas
  3 worker ants
  4 orc wizards
  Robin (D:4)
  A worker ant zombie (D:5)
  6 gnolls
  6 adders
  A worm (D:2)
  2 adder skeletons (D:5)
  2 leopard geckos
  23 orcs
  3 ball pythons (D:2)
  4 giant cockroaches
  8 hobgoblins
  4 jackals (D:5)
  2 quokkas
  3 bats
  7 frilled lizards
  18 goblins
  6 kobolds
  2 leopard gecko skeletons
  13 rats
149 creatures vanquished.

Vanquished Creatures (collateral kills)
  A two-headed ogre (D:7)
  A phantom (D:5)
  An ogre (D:4)
  A centaur (D:7)
  A howler monkey (D:5)
  A gnoll shaman (D:7)
  An orc wizard (D:6)
  An adder (D:7)
8 creatures vanquished.

Vanquished Creatures (others)
  A dancing weapon (D:6)
  2 ogres (D:6)
3 creatures vanquished.

Grand Total: 160 creatures vanquished

Notes
Turn   | Place    | Note
-------+----------+-------------------------------------------
     0 | D:1      | EnegeticOcto the Mummy Chaos Knight began the quest for the
                  | Orb.
     0 | D:1      | Reached XP level 1. HP: 18/18 MP: 1/1
    59 | D:1      | Reached XP level 2. HP: 24/24 MP: 2/2
   115 | D:1      | XOM: harmless Ice miscast
   225 | D:1      | XOM: harmless Pois miscast
   344 | D:1      | XOM: smoke on damage
   583 | D:1      | XOM: harmless Ice miscast
   704 | D:1      | XOM: harmless Tmut miscast
   839 | D:1      | Reached skill level 4 in Fighting
   864 | D:1      | XOM: polymorph hobgoblin -> rat
   927 | D:1      | XOM: god gift: wand of acid (8)
   996 | D:1      | Reached XP level 3. HP: 26/31 MP: 3/3
  1232 | D:1      | XOM: god gift: 46 gold pieces
  1338 | D:1      | XOM: scenery: create altars
  1943 | D:2      | Found a faded altar of an unknown god.
  1992 | D:2      | XOM: god gift: murky cyan potion {god gift}
  2078 | D:2      | Reached XP level 4. HP: 38/38 MP: 4/4
  2083 | D:2      | Found an iron altar of Okawaru.
  2359 | D:2      | Reached skill level 5 in Fighting
  2400 | D:2      | XOM: 1-stop teleportation journey
  2417 | D:2      | XOM: harmless Conj miscast
  2610 | D:3      | XOM: mild Pois miscast
  2612 | D:3      | XOM: god gift: 12 stones
  2738 | D:3      | XOM: god gift: runed shortbow {god gift}
  2854 | D:3      | XOM: god gift: scythe {god gift}
  2856 | D:3      | XOM: cloud trail
  3057 | D:4      | Reached XP level 5. HP: 37/44 MP: 5/5
  3104 | D:4      | XOM: 2-stop teleportation journey
  3127 | D:4      | Noticed an ogre
  3131 | D:4      | XOM: summons 5 friendly demons
  3135 | D:4      | Killed an ogre
  3260 | D:4      | XOM: 1-stop teleportation journey
  3344 | D:4      | Noticed Robin
  3368 | D:4      | XOM: enchant monster (good)
  3373 | D:4      | Reached skill level 6 in Fighting
  3386 | D:4      | Killed Robin
  3438 | D:4      | Found an opulent altar of Gozag.
  3636 | D:4      | Found an ornate altar of the Wu Jian Council.
  3732 | D:4      | XOM: scenery: create altars
  3962 | D:5      | Entered Level 5 of the Dungeon
  4023 | D:5      | Found a runed translucent door.
  4023 | D:5      | Noticed EmberCloud's ghost (novice MiGl)
  4048 | D:5      | Noticed a centaur
  4058 | D:5      | XOM: summons friendly ufetubus
  4066 | D:5      | Killed a centaur
  4066 | D:5      | Reached XP level 6. HP: 35/52 MP: 6/6
  4252 | D:5      | XOM: harmless Summ miscast
  4383 | D:5      | XOM: summons friendly shadow imp
  4399 | D:5      | Reached skill level 7 in Fighting
  4425 | D:5      | XOM: god gift: tourmaline ring {god gift}
  4459 | D:5      | Found a shattered altar of Ashenzari.
  4495 | D:5      | XOM: summons 6 friendly demons
  4499 | D:5      | Reached XP level 7. HP: 60/60 MP: 7/7
  4532 | D:5      | Found a staircase to the Ecumenical Temple.
  4604 | D:5      | Found a runed translucent door.
  4762 | D:5      | XOM: summons 5 friendly demons
  4834 | D:5      | XOM: god gift: throwing net
  4968 | D:6      | XOM: smoke on damage
  4980 | D:6      | Reached skill level 8 in Fighting
  5038 | D:6      | XOM: cloud trail
  5131 | D:6      | XOM: enchant monster (bad)
  5169 | D:6      | Reached skill level 9 in Fighting
  5278 | D:6      | XOM: fog
  5286 | D:6      | XOM: 3-stop teleportation journey
  5295 | D:6      | XOM: confuse monster(s)
  5298 | D:6      | Reached XP level 8. HP: 22/71 MP: 8/8
  5298 | D:6      | XOM: divine lightning
  5431 | D:6      | Reached skill level 10 in Fighting
  5432 | D:6      | Noticed Eustachio
  5458 | D:6      | Killed Eustachio
  5477 | D:6      | XOM: divination: detect creatures
  5481 | D:6      | XOM: divination: detect creatures
  5548 | D:6      | XOM: divination: detect creatures
  5693 | D:6      | XOM: cloud trail
  5847 | D:7      | XOM: medium Necr miscast
  5856 | D:7      | Reached skill level 1 in Maces & Flails
  5869 | D:7      | XOM: destruction
  5872 | D:7      | XOM: 6-stop teleportation journey
  5922 | D:7      | Noticed Joseph
  5940 | D:7      | Noticed Joseph
  5940 | D:7      | Joseph changed into Joseph the rime drake
  5940 | D:7      | XOM: polymorph Joseph -> Joseph the rime drake
  5942 | D:7      | Killed Joseph the rime drake
  6040 | D:7      | XOM: polymorph jelly -> scorpion
  6051 | D:7      | Reached skill level 11 in Fighting
  6055 | D:7      | Noticed a two-headed ogre
  6060 | D:7      | XOM: silly message
  6066 | D:7      | XOM: summons 5 friendly demons
  6079 | D:7      | XOM: summons friendly white imp
  6084 | D:7      | XOM: 2-stop teleportation journey
  6087 | D:7      | Killed a two-headed ogre
  6087 | D:7      | Reached XP level 9. HP: 81/81 MP: 9/9
  6120 | D:7      | Noticed Pikel
  6138 | D:7      | Noticed Pikel
  6138 | D:7      | Pikel changed into Pikel the glowing shapeshifter
  6138 | D:7      | XOM: polymorph Pikel -> Pikel the glowing shapeshifter
  6138 | D:7      | Noticed Pikel
  6138 | D:7      | Pikel the glowing shapeshifter changed into Pikel the shock
                  | serpent
  6141 | D:7      | Pikel the shock serpent changed into Pikel the dream sheep
  6146 | D:7      | XOM: summons 9 friendly demons
  6325 | D:7      | Found a shimmering altar of Xom.
  6415 | D:7      | Noticed a purple ugly thing
  6428 | D:7      | XOM: polymorph big kobold -> ice beast
  6447 | D:7      | Noticed Pikel
  6449 | D:7      | XOM: 1-stop teleportation journey
  6527 | D:7      | Noticed a cyan ugly thing
  6546 | D:7      | Killed a cyan ugly thing
  6546 | D:7      | Reached skill level 12 in Fighting
  6546 | D:7      | Reached skill level 5 in Maces & Flails
  6568 | D:7      | Slain by a purple ugly thing

Levels and vault maps discovered:
D:1:      sevenhm_arrival_forest_fort_large_2, layout_basic,
          hangedman_decor_growths, chequers_serial_rivers_large_a,
          serial_bayou_pond_d
D:2:      layout_loops_ring, kennysheep_okawaru_gauntlet,
          chequers_ecumenical_altar_grove
D:3:      layout_basic, serial_glass, glass_columns_a, glass_columns_b
D:4:      layout_cave_pods, kennysheep_mini, nicolae_overflow_hidden_temple,
          minivault_26, uniq_robin
D:5:      layout_loops_ring, nicolae_overflow_crystal_walls, temple_hall,
          first_ration, ebering_ghost_sewer_f
D:6:      layout_rooms, serial_bayou_crossing, uniq_eustachio
D:7:      minmay_the_grid_plus_closed [minmay_the_grid_plusring,
          minmay_the_grid_large_cup, minmay_the_grid_pillar_ring,
          minmay_the_grid_armoury, minmay_the_grid_prize_shrinking_boxes],
          layout_loops_cross, lemuel_doored_altar, minmay_misc_feat_hallway,
          uniq_joseph, uniq_pikel

Skill      XL: |  1  2  3  4  5  6  7  8  9 |
---------------+----------------------------+-----
Fighting       | 4 5 6 7 9 11 12 | 12.0
Armour         | 3 |  3.0
Maces & Flails | 3 5 |  5.1
Short Blades   | |  2.4
Dodging        | |  0.7

Action                   |  1- 3 |  4- 6 |  7- 9 || total
-------------------------+-------+-------+-------++-------
Melee: Short sword       |   126 |   249 |   161 ||   536
       Dire flail        |       |       |   224 ||   224
Throw: Throwing net      |       |       |     3 ||     3
Evoke: Wand              |       |       |     8 ||     8
  Use: Scroll            |       |     7 |     7 ||    14
 Stab: Confused          |     1 |     1 |     1 ||     3
       Petrified         |       |     3 |    16 ||    19
       Paralysed         |       |     2 |     6 ||     8
       Petrifying        |       |     2 |     1 ||     3
       Held in net/web   |       |       |     2 ||     2
Armor: Leather armour    |    39 |     6 |       ||    45
       Plate armour      |       |   233 |   286 ||   519
Dodge: Dodged            |    61 |    56 |    83 ||   200
